 Dungeon Crawl Stone Soup version 0.30-a0-595-g91969c0fa5 (webtiles) character file.

Game seed: 18052838396543918983

301 vineage the Shield-Bearer (level 6, -1/39 HPs)
             Began as a Gargoyle Fighter on Jan 6, 2023.
             Slain by an ogre
             ... wielding a +0 giant club
              (14 damage)
             ... on level 4 of the Dungeon.
             The game lasted 00:03:08 (2535 turns).

vineage the Shield-Bearer (Gargoyle Fighter)        Turns: 2535, Time: 00:03:08

Health: -1/39      AC: 13    Str: 16    XL:     6   Next: 37%
Magic:  6/6        EV: 10    Int:  9    God:
Gold:   281        SH:  6    Dex: 13    Spells: 5/5 levels left

rFire   . . .      SeeInvis .    a - +0 flail
rCold   + + .      Faith    .    c - +1 buckler
rNeg    + + +      Spirit   .    f - +0 ring mail of Yne Usehosu {rC++ rCorr Str-5 Dex+4}
rPois   ∞          Reflect  .    (no helmet)
rElec   +          Harm     .    (no cloak)
rCorr   +          Rampage  .    j - +2 pair of gloves "Ygicycw" {rN+++}
Will    .....                    (no boots)
Stlth   +                        (no amulet)
HPRegen 0.26/turn                (no ring)
MPRegen 0.10/turn                (no ring)

@: mighty
A: sickness immunity, AC +4, negative energy resistance 1, electricity
resistance, torment resistance 1, petrification resistance
a: no special abilities


You were on level 4 of the Dungeon.
You visited 1 branch of the dungeon, and saw 4 of its levels.

You collected 281 gold pieces.

Inventory:

Hand Weapons
 a - a +0 flail (weapon)
Missiles
 n - a throwing net (quivered)
Armour
 b - a +0 scale mail
 c - a +1 buckler (worn)
 f - the +0 ring mail of Yne Usehosu (worn) {rC++ rCorr Str-5 Dex+4}
   (You found it on level 3 of the Dungeon)

   Str:       It affects your strength (-5).
   Dex:       It affects your dexterity (+4).
   rC:        It greatly protects you from cold.
   rCorr:     It protects you from acid and corrosion.
 j - the +2 pair of gloves "Ygicycw" (worn) {rN+++}
   (You acquired it on level 2 of the Dungeon)

   rN:        It renders you almost immune to negative energy.
Jewellery
 i - a ring of protection from cold
 l - the ring of Vampiric Thralls {rPois rCorr Str-4 Dex+2}
   (You found it on level 3 of the Dungeon)

   [ring of resist corrosion]

   Str:       It affects your strength (-4).
   Dex:       It affects your dexterity (+2).
   rPois:     It protects you from poison.
   rCorr:     It protects you from acid and corrosion.
 t - a ring of fire
Wands
 p - a wand of flame (2)
 s - a wand of mindburst (14)
Scrolls
 g - a scroll of teleportation
 q - a scroll of immolation {unknown}
Potions
 e - a potion of lignification {unknown}
 h - 4 potions of curing {unknown}
 k - 2 potions of heal wounds {unknown}
 m - a potion of mutation {unknown}
 o - a potion of degeneration {unknown}
 r - a potion of haste {unknown}


   Skills:
 + Level 4.4 Fighting
 * Level 4.4 Maces & Flails
 + Level 4.4 Armour
 + Level 4.5 Shields


You had 5 spell levels left.
You didn't know any spells.
Your spell library contained the following spells:

 Spells                   Type           Power      Damage    Failure   Level
 Scorch                   Fire           0%         2d5       82%         2
 Flame Wave               Conj/Fire      0%         2d4       100%        4
 Summon Cactus Giant      Summ           0%         N/A       100%        6


Dungeon Overview and Level Annotations

Branches:
Dungeon (4/15)
 Temple: D:4-7

Altars:
Cheibriados
Fedhas


Innate Abilities, Weirdness & Mutations

You are immune to sickness and miasma.
Your stone body is resilient. (AC +4)
You are immune to poison.
You resist negative energy. (rN+)
You are resistant to electric shocks. (rElec)
You are resistant to unholy torment.
You are immune to petrification.


Message History

Key pressed, stopping explore.
You now have 270 gold pieces (gained 12).
t - a ring of fire You now have 281 gold pieces (gained 11).
Items here: ))))) [[[ †††.
Found a stone staircase leading down.
You open the door.
Found a cloak.
There is an open door here.
An ogre comes into view. It is wielding a +0 giant club.
The ogre shouts!
An ogre is nearby!
You sock the ogre!
The ogre is moderately wounded.
The ogre misses you.
You hit the ogre.
The ogre is heavily wounded.
The ogre hits you with a +0 giant club!!
Ouch! That really hurt!
You are too injured to fight recklessly!
You are too injured to fight recklessly!
You are too injured to fight recklessly!
You are too injured to fight recklessly!
You are too injured to fight recklessly!
You are too injured to fight recklessly!
You are too injured to fight recklessly!
You are too injured to fight recklessly!
You are too injured to fight recklessly!
You are too injured to fight recklessly!
You are too injured to fight recklessly!
You are too injured to fight recklessly!
You are too injured to fight recklessly!
You feel very mighty all of a sudden. You block the ogre's attack.
You barely miss the ogre.
The ogre is heavily wounded.
You sock the ogre!
The ogre is almost dead.
The ogre hits you with a +0 giant club!
You die...

#... #... #...# .# ##
..... .#... ....#####
#.#.###
.##.#.....##......######
......O...#............)
#@..#.............
#.#.#..##....#..#.
...#..........#....
#.#.###.####........
#.#.###..# #........
#......#.###.....>..
..####..............
####.#.#########..
#.........[#......


You could see an ogre.

Vanquished Creatures
  A bullfrog (D:4)
  A scorpion (D:4)
  A hound (D:4)
  Robin (D:2)
  3 adders
  A worm (D:4)
  5 dart slugs
  11 orcs
  10 ball pythons
  3 bats (D:1)
  4 endoplasms
  2 giant cockroaches
  10 goblins
  8 hobgoblins
  6 jackals
  4 quokkas
  6 frilled lizards
  7 kobolds
  4 rats (D:3)
88 creatures vanquished.

Vanquished Creatures (others)
  20 plants (D:1)
20 creatures vanquished.

Grand Total: 108 creatures vanquished

Notes
Turn   | Place    | Note
-------+----------+-------------------------------------------
     0 | D:1      | vineage the Gargoyle Fighter began the quest for the Orb.
     0 | D:1      | Reached XP level 1. HP: 14/14 MP: 1/1
    91 | D:1      | Reached XP level 2. HP: 10/19 MP: 2/2
   167 | D:1      | Found a faded altar of an unknown god.
   388 | D:1      | Reached XP level 3. HP: 21/23 MP: 3/3
   939 | D:2      | Found a blossoming altar of Fedhas.
  1268 | D:2      | Reached XP level 4. HP: 29/29 MP: 4/4
  1481 | D:2      | Noticed Robin
  1497 | D:2      | Killed Robin
  1575 | D:2      | Identified a scroll of acquirement
  1575 | D:2      | Acquired the +2 pair of gloves "Ygicycw" {rN+++}
  1632 | D:3      | Identified the +0 ring mail of Yne Usehosu {rC++ rCorr
                  | Str-5 Dex+4}
  1902 | D:3      | Identified the ring of Vampiric Thralls {rPois rCorr Str-4
                  | Dex+2}
  1964 | D:3      | Reached XP level 5. HP: 28/33 MP: 5/5
  2181 | D:4      | Found a snail-covered altar of Cheibriados.
  2389 | D:4      | Reached XP level 6. HP: 20/39 MP: 6/6
  2535 | D:4      | Slain by an ogre

Illustrated notes

Levels and vault maps discovered:
D:1:      roderic_crop_circles_arrival_large, layout_loops_ring,
          shapermc_ecumenical_altar_notcrosses
D:2:      layout_basic, basic_altar, minmay_misc_feat_rows, uniq_robin
D:3:      layout_basic
D:4:      layout_basic, okawaru_gym_becter, amcnicky_altar_gilded, uniq_pikel

Skill      XL: |  1  2  3  4  5 |
---------------+----------------+-----
Maces & Flails | 3 4 |  4.4
Shields        | 4 |  4.5
Fighting       | 4 |  4.4
Armour         | 4 |  4.4

Action                   |  1- 3 |  4- 6 || total
-------------------------+-------+-------++-------
Melee: Flail             |   131 |   188 ||   319
  Use: Scroll            |     3 |     3 ||     6
       Potion            |       |     1 ||     1
Armor: Scale mail        |    92 |    35 ||   127
       Ring mail         |       |    63 ||    63
Dodge: Dodged            |    73 |    78 ||   151
Block: Buckler           |    33 |    61 ||    94

Table legend: (Time is in decaauts)
 A = Elapsed time spent in this place.
 B = Non-inter-level travel time spent in this place.
 C = Inter-level travel time spent in this place.
 D = Time resting spent in this place.
 E = Time spent auto-exploring this place.
 F = Levels seen in this place.
 G = Mean time per level.
                   A        B        C        D        E       F      G
               +--------+--------+--------+--------+--------+-----+--------+
         Total |   2623 |   2555 |     68 |      0 |   1876 |   4 |  655.8 |
       Dungeon |   2623 |   2555 |     68 |      0 |   1876 |   4 |  655.8 |
               +--------+--------+--------+--------+--------+-----+--------+

Top non-repeatable levels by time:
     D:2: 930 daAuts
     D:1: 723 daAuts
     D:3: 595 daAuts
     D:4: 374 daAuts
